 Dungeon Crawl Stone Soup version 0.26.0-10-g1f06aea511 (webtiles) character file.

Game seed: 3031741134160100652

58904 Arum the Fighter (level 15, -3/127 HPs)
             Began as a Formicid Fighter on Jan 21, 2021.
             Was a High Priest of Cheibriados.
             Killed from afar by Azrael (42 damage)
             ... with a bolt of fire
             ... on level 14 of the Dungeon.
             The game lasted 00:29:20 (17512 turns).

Arum the Fighter (Formicid Fighter)                Turns: 17512, Time: 00:29:21

Health: -3/127     AC: 16    Str: 41    XL:     15   Next: 32%
Magic:  12/22      EV: 11    Int: 22    God:    Cheibriados [*****.]
Gold:   1079       SH: 22    Dex: 24    Spells: 14/14 levels left

rFire    . . .     SeeInvis +   m - +6 battleaxe
rCold    + + +     Faith    .   Q - +2 kite shield
rNeg     . . .     Spirit   .   L - +1 ring mail of the Blind Marksman {-Tele rC+ Slay+3}
rPois    .         Reflect  +   (helmet unavailable)
rElec    .         Harm     .   O - +1 cloak {rC+}
rCorr    .         Rampage  .   q - +0 pair of gloves
Will     ++...                  M - +2 pair of boots
Stlth    +.........             E - amulet of reflection
HPRegen  0.31/turn              H - ring of willpower
MPRegen  0.18/turn              b - ring of protection from cold

@: very slow
A: permanent stasis, dig shafts and tunnels, four strong arms, antennae 3
a: Dig, Shaft Self, Renounce Religion, Bend Time, Temporal Distortion, Slouch,
Step From Time


You were on level 14 of the Dungeon.
You worshipped Cheibriados.
Cheibriados was extremely pleased with you.
You visited 1 branch of the dungeon, and saw 15 of its levels.
You also visited: Sewer, Ossuary and Ice Cave.

You collected 1379 gold pieces.
You spent 300 gold pieces at shops.

Inventory:

Hand Weapons
 a - a +1 war axe
 m - a +6 battleaxe (weapon)
 s - a +1 battleaxe of freezing
 I - a +0 vorpal battleaxe
 P - a +2 battleaxe of venom
Missiles
 n - 3 throwing nets
Armour
 c - a +0 tower shield
 q - a +0 pair of gloves (worn)
 L - the +1 ring mail of the Blind Marksman (worn) {-Tele rC+ Slay+3}
   (You found it on level 7 of the Dungeon)

   It affects your accuracy and damage with ranged weapons and melee attacks
   (+3).
   It protects you from cold.
   It prevents most forms of teleportation.
 M - a +2 pair of boots (worn)
 O - a +1 cloak of cold resistance (worn)
 Q - a +2 kite shield (worn)
Jewellery
 b - a ring of protection from cold (right hand)
 i - an uncursed amulet of magic regeneration
 o - an uncursed ring of flight
 t - a +6 ring of dexterity
 D - a +6 ring of dexterity
 E - an amulet of reflection (around neck)
 H - a ring of willpower (left hand)
Wands
 y - a wand of disintegration (20)
 z - a wand of iceblast (14)
 B - a wand of acid (25)
 C - a wand of flame (37)
 F - a wand of paralysis (16)
 G - a wand of polymorph (11)
Scrolls
 h - 7 scrolls of remove curse
 k - 5 scrolls of enchant armour
 l - a scroll of identify
 p - 3 scrolls of amnesia
 u - a scroll of fog
 J - a scroll of silence
 K - 2 scrolls of immolation
Potions
 d - 3 potions of might
 e - 6 potions of curing
 f - 3 potions of heal wounds
 g - 2 potions of brilliance
 j - 7 potions of mutation
 r - 4 potions of attraction
 v - 7 potions of flight
 w - 2 potions of haste
 x - 5 potions of invisibility
 A - 2 potions of magic
Miscellaneous
 N - a box of beasts


   Skills:
 + Level 14.7 Fighting
 + Level 13.5 Axes
 + Level 13.1 Armour
 - Level 9.0 Shields
 - Level 10.5 Invocations


You had 14 spell levels left.
You didn't know any spells.
Your spell library contained the following spells:

 Spells                   Type           Power        Failure   Level
 Beastly Appendage        Tmut           0%           21%         1
 Foxfire                  Conj/Fire      0%           21%         1
 Summon Small Mammal      Summ           0%           21%         1
 Wereblood                Tmut           0%           30%         2
 Call Canine Familiar     Summ           0%           52%         3
 Confusing Touch          Hex            0%           52%         3
 Conjure Flame            Conj/Fire      0%           52%         3
 Gell's Gravitas          Tloc           0%           52%         3
 Inner Flame              Hex/Fire       0%           52%         3
 Spider Form              Tmut/Pois      0%           52%         3
 Static Discharge         Conj/Air       0%           52%         3
 Ice Form                 Ice/Tmut       0%           89%         4
 Petrify                  Tmut/Erth      0%           89%         4
 Sticky Flame             Conj/Fire      0%           89%         4
 Blade Hands              Tmut           0%           99%         5
 Fireball                 Conj/Fire      0%           99%         5
 Lightning Bolt           Conj/Air       0%           99%         5
 Metabolic Englaciation   Hex/Ice        0%           99%         5
 Yara's Violent Unravell  Hex/Tmut       0%           99%         5
 Ignition                 Fire           0%           100%        8
 Shatter                  Erth           0%           100%        9
 Tornado                  Air            0%           100%        9


Dungeon Overview and Level Annotations

Branches:
Dungeon (15/15)            Temple (0/1) D:6            Lair (0/6) D:11
    Orc (0/2) D:9          Vaults (0/5) D:13         Depths (0/5) D:15
  Sewer (visited)         Ossuary (visited)           IceCv (visited)

Altars:
Cheibriados
Dithmenos
Elyvilon
Fedhas
Nemelex Xobeh
Sif Muna
Wu Jian
Zin
Beogh

Shops:
D:4 *   D:7 [   D:9 ?   D:11 ?

Portals:
Trove: D:10 (show abyssal rune of Zot)

Annotations:
D:8 exclusions: oklob plant and oklob sapling
D:14 Azrael


Innate Abilities, Weirdness & Mutations

You cannot be hasted, slowed, berserked, paralysed or teleported.
You can dig through walls and to a lower floor.
Your four strong arms can wield two-handed weapons with a shield.
You have a pair of large antennae on your head. (SInv)


Message History

Azrael hits you with a +0 scimitar of flaming.
Azrael burns you.
* * * LOW HITPOINT WARNING * * *
You can feel time thicken for a moment.
You destroy the fire elemental!
Cheibriados thoroughly appreciates the change of pace.
Cheibriados lowers the support of your attributes as your movement quickens.
You block the catoblepas's attack. You block Azrael's attack.
Unknown command.
Unknown command.
You can feel time thicken for a moment.
You kill the catoblepas!
Cheibriados thoroughly appreciates the change of pace.
Unknown command.
Unknown command.
You hit Azrael but do no damage.
Azrael is almost dead.
Azrael gestures at you. The bolt of fire hits you!!!
You die...

#...# ..# #...##..#
#....)..##. ####.........
............ .......°.#
##+###)..# ..# #
##...##(.R##..##...
#.....).@.†...[....
#.........hh.......
#...>..............
##........##..##...
##........##..###########
#.............##.....##..
#....................(...
##...................[...
##................[.).)>.


You could see Azrael and 2 hell hounds.

Vanquished Creatures
  A frost giant (IceCv)
  Louise (D:14)
  Snorg (D:10)
  Harold (D:8)
  A boulder beetle (D:13)
  An ice dragon (D:15)
  A hydra (D:14)
  Erica (D:9)
  A catoblepas (D:14)
  2 two-headed ogres
  2 dancing weapons (D:13)
  2 centaur warriors
  2 tengu warriors (D:14)
  Sonja (D:12)
  A skeletal warrior (D:15)
  A deep elf knight (D:14)
  3 unseen horrors
  A wizard (D:14)
  Pikel (D:4)
  2 orc sorcerers
  A necromancer (D:15)
  2 orc knights
  An ugly thing (D:11)
  4 cyclopes
  An ice statue (IceCv)
  Psyche (D:8)
  Maggie (D:8)
  A yaktaur (D:15)
  4 trolls
  19 polar bears
  Grinder (D:4)
  A hornet (D:13)
  An ettin zombie (D:15)
  7 slime creatures (D:12)
  A shadow (D:7)
  Sigmund (D:4)
  2 wraiths
  19 yaks
  A fire elemental (D:14)
  A basilisk (D:13)
  12 vampire mosquitoes
  19 wargs
  3 acid dragons
  3 water moccasins
  2 hell hounds (D:14)
  16 orc warriors
  2 eyes of draining
  A sky beast (D:8)
  3 ice beasts
  6 ogres
  2 phantoms
  9 wolves
  2 centaurs
  A lemure (D:4)
  An elf zombie (Ossuary)
  5 big kobolds
  7 bullfrogs
  A gnoll sergeant (D:10)
  2 scorpions
  4 killer bees (D:13)
  14 wights
  4 howler monkeys
  6 centaur zombies
  A bullfrog zombie (D:10)
  5 hounds
  5 jellies
  6 orc wizards
  9 orc priests
  3 human zombies (Ossuary)
  Jessica (D:3)
  3 centaur skeletons
  6 iguanas
  A bullfrog skeleton (D:12)
  12 worker ants
  A killer bee zombie (D:10)
  A hound zombie (D:5)
  2 hound skeletons
  2 mummies (Ossuary)
  3 worker ant zombies (D:5)
  4 gnolls (D:10)
  13 adders
  A river rat (D:6)
  A shadow imp (D:2)
  2 white imps
  7 oozes
  2 adder skeletons (D:8)
  12 worms
  4 dart slugs
  10 leopard geckos
  85 orcs
  4 giant cockroaches
  8 goblins
  4 hobgoblins
  12 jackals
  6 quokkas
  11 ball pythons
  12 bats
  A frilled lizard (Sewer)
  A goblin zombie (Ossuary)
  10 hobgoblin zombies (Ossuary)
  A jackal zombie (Ossuary)
  30 kobolds
  12 kobold zombies (Ossuary)
  A leopard gecko skeleton (D:3)
  A leopard gecko zombie (D:6)
  5 orc zombies (Ossuary)
  A quokka skeleton (D:5)
  5 rats
  A rat zombie (Ossuary)
550 creatures vanquished.

Vanquished Creatures (others)
  A kobold (D:9)
  6 plants
  5 withered plants (D:15)
12 creatures vanquished.

Grand Total: 562 creatures vanquished

Notes
Turn   | Place    | Note
-------+----------+-------------------------------------------
     0 | D:1      | Arum the Formicid Fighter began the quest for the Orb.
     0 | D:1      | Reached XP level 1. HP: 18/18 MP: 1/1
   216 | D:1      | Reached XP level 2. HP: 19/24 MP: 2/2
   368 | D:1      | Reached XP level 3. HP: 29/29 MP: 3/3
   963 | D:2      | Reached XP level 4. HP: 35/37 MP: 4/4
  1310 | D:2      | Found an ornate altar of the Wu Jian Council.
  1559 | D:2      | Found a glowing silver altar of Zin.
  1561 | D:2      | Found a sparkling altar of Nemelex Xobeh.
  1932 | D:3      | Found a roughly hewn altar of Beogh.
  1948 | D:3      | Reached skill level 4 in Fighting
  1948 | D:3      | Reached XP level 5. HP: 12/42 MP: 5/5
  2670 | D:3      | Noticed Jessica
  2677 | D:3      | Killed Jessica
  2678 | D:3      | Reached XP level 6. HP: 49/49 MP: 6/6
  3323 | D:4      | Reached skill level 5 in Shields
  3755 | D:4      | Noticed Sigmund
  3785 | D:4      | Killed Sigmund
  3786 | D:4      | Reached skill level 5 in Fighting
  3786 | D:4      | Reached skill level 5 in Armour
  3786 | D:4      | Reached XP level 7. HP: 6/56 MP: 7/7
  4283 | D:4      | Found a shimmering blue altar of Sif Muna.
  4570 | D:4      | Noticed Pikel
  4597 | D:4      | Killed Pikel
  4598 | D:4      | Reached skill level 6 in Fighting
  4598 | D:4      | Reached skill level 5 in Axes
  4598 | D:4      | Reached XP level 8. HP: 16/64 MP: 8/8
  5221 | D:4      | Noticed Grinder
  5223 | D:4      | Found Vukloi Uwie's Assorted Antiques.
  5252 | D:4      | Killed Grinder
  5349 | D:4      | Bought a puce potion for 28 gold pieces
  5349 | D:4      | Bought a scroll labelled FOGHORR COEXAO for 32 gold pieces
  5349 | D:4      | Bought a white potion for 28 gold pieces
  5349 | D:4      | Bought a sedimented purple potion for 28 gold pieces
  5349 | D:4      | Bought a scroll labelled UBLAMI ZAG AHO for 32 gold pieces
  5507 | D:5      | Entered Level 5 of the Dungeon
  5779 | D:5      | Found a snail-covered altar of Cheibriados.
  5787 | D:5      | Became a worshipper of Cheibriados the Contemplative
  6161 | D:5      | Reached skill level 7 in Fighting
  6161 | D:5      | Reached XP level 9. HP: 53/72 MP: 9/9
  6359 | D:5      | Reached * piety under Cheibriados
  6717 | D:6      | Found a sand-covered staircase.
  6725 | Ossuary  | Entered an ossuary
  6832 | Ossuary  | Reached ** piety under Cheibriados
  7012 | D:6      | Found a glowing drain.
  7026 | Sewer    | Entered a sewer
  7326 | Sewer    | Reached *** piety under Cheibriados
  7986 | D:6      | Reached skill level 8 in Fighting
  8574 | D:6      | Found a staircase to the Ecumenical Temple.
  8920 | D:7      | Found Jecetix's Antique Armour Shoppe.
  9190 | D:7      | Reached **** piety under Cheibriados
  9416 | D:7      | Got a crude ring mail
  9417 | D:7      | Identified the +1 ring mail of the Blind Marksman {-Tele
                  | rC+ Slay+3} (You found it on level 7 of the Dungeon)
  9586 | D:7      | Reached XP level 10. HP: 82/82 MP: 10/10
  9590 | D:7      | Reached skill level 9 in Fighting
  9951 | D:8      | Found a blossoming altar of Fedhas.
  9972 | D:8      | Noticed Psyche
  9973 | D:8      | Noticed Maggie
  9975 | D:8      | Noticed Harold
  9984 | D:8      | HP: 1/83 [Harold/+0 short sword (10)]
  9992 | D:8      | Killed Psyche
 10004 | D:8      | Killed Maggie
 10005 | D:8      | Killed Harold
 10019 | D:8      | Reached skill level 10 in Fighting
 10417 | D:8      | Noticed an oklob plant
 10447 | D:8      | Reached ***** piety under Cheibriados
 10793 | D:8      | Identified the Tome of Nature
 10939 | D:9      | Found a white marble altar of Elyvilon.
 10976 | D:9      | Noticed Erica
 10990 | D:9      | Reached skill level 1 in Invocations
 10992 | D:9      | HP: 1/85 [Erica/bolt of poison (31)]
 10995 | D:9      | Killed Erica
 10996 | D:9      | Reached XP level 11. HP: 49/92 MP: 10/12
 11218 | D:9      | Found a snail-covered altar of Cheibriados.
 11372 | D:9      | Found a staircase to the Orcish Mines.
 11516 | D:9      | Found Jecirig's Magic Scroll Shoppe.
 11519 | D:9      | Bought a scroll of magic mapping for 56 gold pieces
 11519 | D:9      | Bought a scroll of identify for 32 gold pieces
 11519 | D:9      | Bought a scroll of identify for 32 gold pieces
 11519 | D:9      | Bought a scroll of identify for 32 gold pieces
 11900 | D:10     | Entered Level 10 of the Dungeon
 11991 | D:10     | Found a portal to a secret trove of treasure.
 12052 | D:10     | Noticed Snorg
 12062 | D:10     | Killed Snorg
 12613 | D:10     | Noticed an unseen horror
 12618 | D:10     | Noticed a two-headed ogre
 12619 | D:10     | Reached skill level 11 in Fighting
 12627 | D:10     | Killed a two-headed ogre
 12628 | D:10     | Reached skill level 10 in Axes
 12628 | D:10     | Reached skill level 5 in Invocations
 12628 | D:10     | Killed an unseen horror
 12967 | D:11     | Noticed a cyclops
 12972 | D:11     | Killed a cyclops
 12992 | D:11     | Found Kuvixod's Magic Scroll Shoppe.
 12992 | D:11     | Noticed a cyclops
 12994 | D:11     | Killed a cyclops
 13231 | D:11     | Noticed a red ugly thing
 13235 | D:11     | Killed a red ugly thing
 13236 | D:11     | Reached XP level 12. HP: 100/100 MP: 15/15
 13428 | D:11     | Found a staircase to the Lair.
 13494 | D:12     | Reached ****** piety under Cheibriados
 13639 | D:12     | Noticed Sonja
 13762 | D:12     | Reached skill level 12 in Fighting
 13762 | D:12     | Killed Sonja
 14101 | D:12     | Reached skill level 10 in Armour
 14756 | D:12     | Noticed an unseen horror
 14762 | D:12     | Reached XP level 13. HP: 88/109 MP: 16/16
 14935 | D:12     | Reached skill level 13 in Fighting
 15261 | D:12     | Reached skill level 10 in Invocations
 15261 | D:12     | Reached XP level 14. HP: 118/118 MP: 16/21
 15278 | D:13     | Found a shadowy altar of Dithmenos.
 15533 | D:13     | Found a sparkling altar of Nemelex Xobeh.
 15889 | D:13     | Found a gate to the Vaults.
 15891 | D:13     | You fall into a shaft and drop 2 floors!
 15891 | D:15     | Entered Level 15 of the Dungeon
 16057 | D:15     | Found a frozen archway.
 16138 | IceCv    | Entered an ice cave
 16369 | IceCv    | Reached skill level 14 in Fighting
 16565 | IceCv    | Noticed a frost giant
 16573 | IceCv    | Killed a frost giant
 16843 | IceCv    | Reached XP level 15. HP: 121/127 MP: 22/22
 17159 | D:14     | Noticed Louise
 17170 | D:14     | Killed Louise
 17496 | D:14     | Noticed Azrael
 17512 | D:14     | Killed from afar by Azrael

Illustrated notes

Levels and vault maps discovered:
D:1:      scummos_arrival_simple_crosswalls, layout_basic, minmay_pentomino_q2
D:2:      layout_loops_cross, lemuel_crystal_altar,
          chequers_temple_overflow_statue_of_worship
D:3:      layout_basic, kennysheep_orc_chapel, uniq_jessica
D:4:      layout_layer_cave, old_standard_altar, serial_shops,
          nicolae_shop_stone, minmay_misc_feat_room, uniq_pikel, uniq_grinder,
          uniq_sigmund
D:5:      layout_basic, lemuel_coloured_pillars_altar
D:6:      layout_loops_ring, temple_statues, cheibrodos_sewer_entry_sluice,
          enter_ossuary_3
D:7:      layout_layer_cave, serial_shops, shop
D:8:      layout_cave_pools, introduction_to_nature_1, uniq_maggie, uniq_psyche,
          uniq_harold
D:9:      layout_gridville, nicolae_overflow_hidden_temple, david_orc_3,
          serial_shops, nicolae_shop_crystal, basic_altar, uniq_erica
D:10:     layout_roguey, nicolae_trove_entry_isolated,
          minmay_fractal_squares_gapless_5, uniq_snorg
D:11:     layout_rooms, lair_entry_dummy, serial_shops, nicolae_shop_waterfront
D:12:     lemuel_castle_with_subvaults [lemuel_castle_interior_carwin_2],
          layout_irregular_city, serial_glass, glass_columns_c, glass_columns_a,
          feat_on_display, unseen_surprise_small, minmay_strange_pillars,
          minmay_misc_feat_five, uniq_sonja
D:13:     layout_roguey, erik_vaults_1, basic_altar,
          grunt_dithmenos_smoke_and_mirrors
D:14:     layout_gridville, sword_in_stone, uniq_azrael
D:15:     gammafunk_depths_entry_grave, layout_gridville,
          hangedman_abyss_or_decor_slice,
          portal_ice_cave_entry_animals_and_master, grunt_ministairs_6,
          minmay_protected_statue, uniq_rupert

Skill      XL: |  1  2  3  4  5  6  7  8  9 10 11 12 13 14 15 |
---------------+----------------------------------------------+-----
Shields        | 4 5 7 9 |  9.0
Armour         | 4 5 7 9 10 11 12 13 | 13.1
Fighting       | 4 5 6 7 8 10 11 12 13 14 | 14.7
Axes           | 3 5 7 9 10 11 13 | 13.5
Invocations    | 2 5 10 | 10.5

Action                   |  1- 3 |  4- 6 |  7- 9 | 10-12 | 13-15 || total
-------------------------+-------+-------+-------+-------+-------++-------
Melee: War axe           |    90 |    23 |       |       |       ||   113
       Hand axe          |       |   223 |   549 |       |       ||   772
       Battleaxe         |       |       |    33 |   443 |   314 ||   790
Invok: Slouch            |       |       |       |     2 |     7 ||     9
 Abil: Dig               |       |     4 |     4 |    16 |     7 ||    31
       Evoke Flight      |       |       |     1 |     3 |       ||     4
  Use: Potion            |       |       |     1 |    13 |     5 ||    19
       Scroll            |       |       |    19 |     7 |     4 ||    30
 Stab: Invisible         |       |       |       |     4 |       ||     4
       Sleeping          |       |       |       |     2 |       ||     2
       Distracted        |       |       |       |       |     1 ||     1
Armor: Scale mail        |    41 |    70 |   143 |       |       ||   254
       Ring mail         |       |       |     1 |    70 |   108 ||   179
Dodge: Dodged            |    39 |    68 |   143 |    93 |   103 ||   446
Block: Kite shield       |    62 |   103 |   368 |   464 |   406 ||  1403
       Reflection        |       |       |     2 |    25 |    22 ||    49
